 Dungeon Sprint DCSS version 0.29-a0-575-g0dc89cf053 (webtiles) character file.

Game seed: 4067664591913933535

30249 mhtbhm the Wrestler (level 13, -9/135 HPs)
             Began as an Ogre Transmuter on June 13, 2022.
             Was an Initiate of Gozag.
             Mangled by a thorn hunter (19 damage)
             ... in the Dungeon (Sprint IX: "|||||||||||||||||||||||||||||").
             The game lasted 00:10:55 (4080 turns).

mhtbhm the Wrestler (Ogre Transmuter)               Turns: 4080, Time: 00:10:56

Health: -9/135     AC:  6    Str: 21    XL:     13   Next: 50%
Magic:  9/33       EV: 13    Int: 14    God:    Gozag
Gold:   2503       SH:  0    Dex:  9    Spells: 28/44 levels left

rFire   . . .      SeeInvis +     - Unarmed
rCold   . . .      Faith    .   (no shield)
rNeg    . . .      Spirit   .   a - +0 robe
rPois   .          Reflect  .   v - +0 hat
rElec   .          Harm     .   u - +0 cloak
rCorr   .          Rampage  .   (gloves unavailable)
Will    +....      NoTele   +   (boots unavailable)
Stlth   +++.......              k - amulet of the acrobat
HPRegen 0.32/turn               l - +2 ring of protection
MPRegen 0.23/turn               B - ring of see invisible

@: wereblooded, gold aura
A: large, unfitting armour, tough skin 1
a: Renounce Religion, Potion Petition, Call Merchant, Bribe Branch


You were in the Dungeon.
You worshipped Gozag.
Gozag was most pleased with you.
You visited 1 branch You collected 10395 gold pieces.
You spent 4068 gold pieces at shops.
You paid 3824 gold pieces to Gozag.

Inventory:

Missiles
 m - 3 poisoned darts
 y - 5 curare-tipped darts
 J - 5 javelins
Armour
 a - a +0 robe (worn)
 u - a +0 cloak (worn)
 v - a +0 hat (worn)
Jewellery
 k - an amulet of the acrobat (around neck)
 l - a +2 ring of protection (left hand)
 z - a ring of willpower
 A - a ring of ice
 B - a ring of see invisible (right hand)
 C - a ring of fire
Wands
 j - a wand of acid (1)
Scrolls
 h - 4 scrolls of blinking
 i - 2 scrolls of amnesia
 q - 4 scrolls of enchant weapon
 r - 4 scrolls of enchant armour
 s - 2 scrolls of fear
 t - a scroll of magic mapping
 w - 3 scrolls of identify
 x - a scroll of immolation
 E - a scroll of brand weapon {unknown}
 G - a scroll of poison {unknown}
Potions
 b - a potion of lignification
 c - 6 potions of curing
 d - a potion of invisibility
 e - 3 potions of haste
 f - 4 potions of magic
 g - 8 potions of heal wounds
 n - 2 potions of mutation
 o - a potion of might
 p - a potion of resistance
 I - a potion of attraction {unknown}
Miscellaneous
 D - a lightning rod (3/4)
 F - a box of beasts
 H - a tin of tremorstones (inert)


   Skills:
 + Level 10.4 Fighting
 + Level 1.3 Armour
 + Level 11.3 Dodging
 + Level 5.4 Stealth
 + Level 23.1 Unarmed Combat
 + Level 16.0 Spellcasting
 + Level 12.4 Transmutations
 + Level 5.8 Ice Magic
 + Level 3.2 Earth Magic
 + Level 4.8 Evocations


You had 28 spell levels left.
You knew the following spells:

 Your Spells              Type           Power      Damage    Failure   Level
a - Beastly Appendage     Tmut           92%        N/A       1%          1
b - Wereblood             Tmut           46%        N/A       1%          2
c - Spider Form           Tmut/Pois      28%        N/A       1%          3
d - Ice Form              Ice/Tmut       36%        N/A       1%          4
e - Statue Form           Tmut/Erth      22%        N/A       34%         6

Your spell library contained the following spells:

 Spells                   Type           Power      Damage    Failure   Level
 Petrify                  Tmut/Erth      33%        N/A       2%          4
 Metabolic Englaciation   Hex/Ice        9%         N/A       43%         5


Dungeon Overview and Level Annotations

Branches:
Dungeon (1/1)

Altars:
Cheibriados
Dithmenos
Elyvilon
Fedhas
Gozag
Hepliaklqana
Kikubaaqudgha
Makhleb
Nemelex Xobeh
Okawaru
Qazlal
Ru
Sif Muna
Trog
Uskayaw
Vehumet
Wu Jian
Xom
Yredelemnul
Zin
The Shining One
Beogh
Jiyva
Lugonu

Shops:
D *:?:?[(?


Innate Abilities, Weirdness & Mutations

You are too large for most types of armour.
You have tough skin. (AC +1)


Message History

Unknown command.
The tremorstone explodes into fragments!
The burst of rock shards engulfs you but does no damage.
The burst of rock shards engulfs the thorn hunter!
The thorn hunter is no longer distracted by gold.
The burst of rock shards engulfs the thorn hunter.
The burst of rock shards engulfs the spriggan druid!!
The tin is emptied!
The briar patch crumbles away.
The goliath frog is no longer distracted by gold.
The spriggan druid is distracted by your dazzling golden aura.
Unknown command.
Unknown command.
Aiming: Thunderbolt
Press: ? - help, Shift-Dir - straight line, f - thorn hunter
Aim: a thorn hunter (heavily damaged)
The thunderbolt hits the thorn hunter!
The thorn hunter is severely damaged.
The thunderbolt hits the spriggan druid!
With its final breath, the spriggan druid offers up its power to the beasts of the wild!
The goliath frog seems to grow more fierce.
You kill the spriggan druid!
You revert to your normal fleshy form.
Your +0 robe unmelds from your body.
Your lightning rod (4/4) has regained one charge.
Your Spellcasting skill increases to level 16!
Unknown command.
Aiming: Thunderbolt
Press: ? - help, Shift-Dir - straight line, f/p - thorn hunter
Aim: a thorn hunter (severely damaged)
The thunderbolt hits the thorn hunter!!
The thorn hunter is almost destroyed.
The thunderbolt hits the goliath frog!
The goliath frog is moderately wounded.
The thorn hunter hits you!
* * * LOW HITPOINT WARNING * * *
The thorn hunter hits you!
* * * LOW HITPOINT WARNING * * *
The thorn hunter hits you!!
You die...
Your body crumbles into a pile of gold.

▓▓▓▓▓▓▓▓▓▓▓▓▓▓▓▓▓▓♣♣♣♣♣♣♣♣♣
........'.......@f$F$$...iF
▓▓▓▓▓▓▓▓▓▓▓▓▓▓▓▓▓▓♣♣♣♣♣♣♣♣♣♣▓▓▓▓▓
.......................p†).......
▓▓▓▓▓▓▓▓▓▓▓▓▓▓▓▓▓▓▓▓▓▓▓▓▓▓▓▓▓▓▓▓▓
..'...=.)))))))).[[[[[[.[[.....∩∩
▓▓▓▓▓▓▓▓▓▓▓▓▓▓▓▓▓▓▓▓▓▓▓▓▓▓▓▓▓▓▓▓▓
........................)........
▓▓▓▓▓▓▓▓▓▓▓▓▓▓▓▓▓▓▓▓▓▓▓▓▓▓▓▓▓▓▓▓▓
......))).))).)))..)).)))))......


You could see a thorn hunter and a goliath frog (strong).

Vanquished Creatures
  Gastronok (D)
  Kirke (D)
  2 ghost moths (D)
  2 very ugly things (D)
  A vampire knight (D)
  A bunyip (D)
  A fire dragon (D)
  3 hydras (D)
  A centaur warrior (D)
  A tengu warrior (D)
  7 orc high priests (D)
  A vampire mage (D)
  Urug (D)
  Sonja (D)
  A pharaoh ant (D)
  A spriggan druid (D)
  A flayed ghost (D)
  A wizard (D)
  4 orc knights (D)
  2 wolf spiders (D)
  A cyclops (D)
  An ugly thing (D)
  A will-o-the-wisp (D)
  2 black mambas (D)
  A torpor snail (D)
  2 cane toads (D)
  An unseen horror (D)
  3 komodo dragons (D)
  A demonic crawler (D)
  A tengu conjurer (D)
  An efreet (D)
  2 tarantellas (D)
  3 trolls (D)
  3 tyrant leeches (D)
  A jumping spider (D)
  Grum (D)
  A hog (D)
  2 yaks (D)
  2 basilisks (D)
  3 vampire mosquitoes (D)
  4 water moccasins (D)
  11 orc warriors (D)
  An ogre (D)
  A wolf (shapeshifter) (D)
  A centaur (D)
  5 wolves (D)
  5 bullfrogs (D)
  A kobold brigand (D)
  11 orc priests (D)
  A hound (D)
  An iguana (D)
  An orc wizard (D)
  A hell rat (D)
  A shadow imp (D)
  A dart slug (D)
  7 orcs (D)
  A bat (D)
  A hobgoblin (D)
  A quokka (D)
  A frilled lizard (D)
  A quokka simulacrum (D)
125 creatures vanquished.

Vanquished Creatures (others)
  A bloated husk (D)
  A human (D)
  A foxfire (D)
3 creatures vanquished.

Grand Total: 128 creatures vanquished

Notes
Turn   | Place    | Note
-------+----------+-------------------------------------------
     0 | D        | mhtbhm the Ogre Transmuter began the quest for the Orb.
     0 | D        | Reached XP level 1. HP: 19/19 MP: 3/3
     6 | D        | Reached skill level 3 in Unarmed Combat
     8 | D        | Banished a spatial maelstrom
    24 | D        | Reached XP level 2. HP: 16/27 MP: 4/6
   148 | D        | Learned a level 2 spell: Wereblood
   153 | D        | Noticed a water moccasin
   153 | D        | Noticed an ogre
   162 | D        | Reached skill level 4 in Unarmed Combat
   162 | D        | Reached XP level 3. HP: 33/33 MP: 5/8
   164 | D        | Reached skill level 5 in Unarmed Combat
   164 | D        | Reached XP level 4. HP: 41/41 MP: 6/10
   167 | D        | Killed a water moccasin
   168 | D        | Reached skill level 7 in Unarmed Combat
   168 | D        | Reached skill level 5 in Spellcasting
   168 | D        | Reached XP level 5. HP: 49/49 MP: 7/13
   173 | D        | Killed an ogre
   174 | D        | Reached skill level 8 in Unarmed Combat
   174 | D        | Reached XP level 6. HP: 25/58 MP: 8/15
   182 | D        | Found a snail-covered altar of Cheibriados.
   182 | D        | Found a shadowy altar of Dithmenos.
   182 | D        | Found a white marble altar of Elyvilon.
   182 | D        | Found a blossoming altar of Fedhas.
   182 | D        | Found an opulent altar of Gozag.
   183 | D        | Found a hazy altar of Hepliaklqana.
   184 | D        | Found a viscous altar of Jiyva.
   185 | D        | Found an ancient bone altar of Kikubaaqudgha.
   186 | D        | Found a corrupted altar of Lugonu.
   187 | D        | Found a burning altar of Makhleb.
   188 | D        | Found a sparkling altar of Nemelex Xobeh.
   189 | D        | Found an iron altar of Okawaru.
   190 | D        | Became a worshipper of Gozag Ym Sagoz the Greedy
   191 | D        | Found a stormy altar of Qazlal.
   192 | D        | Found a sacrificial altar of Ru.
   193 | D        | Found a shimmering blue altar of Sif Muna.
   194 | D        | Found a bloodstained altar of Trog.
   195 | D        | Found a hide-covered altar of Uskayaw.
   196 | D        | Found a radiant altar of Vehumet.
   197 | D        | Found an ornate altar of the Wu Jian Council.
   198 | D        | Found a shimmering altar of Xom.
   199 | D        | Found a basalt altar of Yredelemnul.
   200 | D        | Found a glowing silver altar of Zin.
   201 | D        | Found a glowing golden altar of the Shining One.
   403 | D        | Learned a level 3 spell: Spider Form
   408 | D        | Learned a level 4 spell: Ice Form
   410 | D        | Noticed an orc warrior
   410 | D        | Noticed an orc warrior
   410 | D        | Noticed a troll
   411 | D        | Killed an orc warrior
   412 | D        | Reached skill level 5 in Dodging
   412 | D        | Reached skill level 9 in Unarmed Combat
   421 | D        | Killed an unseen horror
   422 | D        | Reached skill level 1 in Stealth
   422 | D        | Reached skill level 10 in Unarmed Combat
   422 | D        | Reached skill level 5 in Transmutations
   422 | D        | Reached XP level 7. HP: 43/67 MP: 10/18
   427 | D        | Reached skill level 11 in Unarmed Combat
   428 | D        | Killed a troll
   429 | D        | Reached XP level 8. HP: 25/75 MP: 11/20
   675 | D        | Noticed a troll
   675 | D        | Noticed a cyclops
   675 | D        | Noticed a tengu conjurer
   675 | D        | Noticed a centaur warrior
   675 | D        | Noticed a troll
   675 | D        | Noticed an efreet
   678 | D        | Killed a troll
   679 | D        | Reached skill level 12 in Unarmed Combat
   681 | D        | Killed a cyclops
   685 | D        | Killed a tengu conjurer
   686 | D        | Reached skill level 10 in Spellcasting
   686 | D        | Reached skill level 1 in Evocations
   686 | D        | Reached XP level 9. HP: 69/85 MP: 14/23
   691 | D        | Killed a centaur warrior
   692 | D        | Reached skill level 5 in Fighting
   692 | D        | Reached skill level 13 in Unarmed Combat
   692 | D        | Reached skill level 1 in Ice Magic
   693 | D        | Killed a troll
   695 | D        | Killed an efreet
   985 | D        | Noticed a cane toad
   992 | D        | Reached skill level 14 in Unarmed Combat
   997 | D        | Noticed a komodo dragon
   998 | D        | Killed a cane toad
   999 | D        | Reached XP level 10. HP: 98/98 MP: 20/25
  1174 | D        | Noticed a torpor snail
  1174 | D        | Noticed a black mamba
  1175 | D        | Noticed a black mamba
  1188 | D        | Killed a torpor snail
  1189 | D        | Reached skill level 15 in Unarmed Combat
  1190 | D        | Killed a black mamba
  1192 | D        | Killed a black mamba
  1348 | D        | Noticed a cane toad
  1685 | D        | Reached skill level 16 in Unarmed Combat
  1685 | D        | Reached XP level 11. HP: 111/111 MP: 22/27
  1828 | D        | Noticed Grum
  1841 | D        | Killed Grum
  1883 | D        | Noticed Gastronok
  1898 | D        | Killed Gastronok
  1899 | D        | Reached skill level 17 in Unarmed Combat
  2238 | D        | Noticed an orc knight
  2239 | D        | Noticed an orc knight
  2250 | D        | Noticed an orc knight
  2252 | D        | Killed an orc knight
  2260 | D        | Killed an orc knight
  2587 | D        | Killed an orc knight
  2588 | D        | Reached skill level 5 in Stealth
  2680 | D        | Found Seyji's Magic Scroll Emporium.
  2680 | D        | Noticed an orc high priest
  2680 | D        | Noticed an orc high priest
  2680 | D        | Noticed an orc high priest
  2681 | D        | Noticed an orc high priest
  2683 | D        | Noticed an orc high priest
  2684 | D        | Killed an orc high priest
  2685 | D        | Reached skill level 18 in Unarmed Combat
  2685 | D        | Found Mucutsoy's Antique Armour Shoppe.
  2692 | D        | Killed an orc high priest
  2693 | D        | Reached skill level 10 in Transmutations
  2693 | D        | Found Lacucsao's Weapon Emporium.
  2694 | D        | Noticed an orc high priest
  2700 | D        | Killed an orc high priest
  2701 | D        | Noticed a soul eater
  2718 | D        | Killed an orc high priest
  2719 | D        | Reached XP level 12. HP: 27/123 MP: 29/29
  2720 | D        | Killed an orc high priest
  2728 | D        | Killed an orc high priest
  3026 | D        | Found Publudy's Magic Scroll Shoppe.
  3048 | D        | Noticed an orc high priest
  3058 | D        | Killed an orc high priest
  3059 | D        | Reached skill level 19 in Unarmed Combat
  3059 | D        | Reached skill level 5 in Ice Magic
  3104 | D        | Bought a scroll of magic mapping for 35 gold pieces
  3104 | D        | Bought a scroll of blinking for 75 gold pieces
  3104 | D        | Bought a scroll of identify for 20 gold pieces
  3110 | D        | Bought a scroll of immolation for 38 gold pieces
  3152 | D        | Noticed Sonja
  3167 | D        | Killed Sonja
  3291 | D        | Bought a scroll of fear for 52 gold pieces
  3293 | D        | Bought a book of Sloth for 360 gold pieces
  3293 | D        | Bought a manual of Unarmed Combat for 800 gold pieces
  3295 | D        | Bought a lightning rod (4/4) for 720 gold pieces
  3295 | D        | Bought a scroll labelled IRCHUO TIFUYBYG for 24 gold pieces
  3295 | D        | Bought a box of beasts for 960 gold pieces
  3295 | D        | Bought a scroll labelled TUQIONOWUPT for 24 gold pieces
  3295 | D        | Bought a tin of tremorstones (2/2) for 960 gold pieces
  3302 | D        | Learned a level 6 spell: Statue Form
  3331 | D        | Noticed a fire dragon
  3331 | D        | Noticed a five-headed hydra
  3331 | D        | Noticed an eight-headed hydra
  3338 | D        | Noticed a tengu warrior
  3340 | D        | Reached skill level 10 in Dodging
  3341 | D        | Killed a five-headed hydra
  3341 | D        | Killed an eight-headed hydra
  3342 | D        | Reached skill level 20 in Unarmed Combat
  3342 | D        | Noticed a red very ugly thing
  3343 | D        | Killed a fire dragon
  3344 | D        | Reached skill level 1 in Earth Magic
  3344 | D        | Noticed a purple very ugly thing
  3347 | D        | Noticed a vampire knight
  3350 | D        | Killed a red very ugly thing
  3357 | D        | Killed a red very ugly thing
  3358 | D        | Reached skill level 21 in Unarmed Combat
  3358 | D        | Killed a tengu warrior
  3359 | D        | Reached skill level 1 in Armour
  3361 | D        | Noticed a vampire mage
  3364 | D        | Paralysed by a vampire knight for 5 turns
  3370 | D        | HP: 7/151 [vampire knight/+0 great sword (5)]
  3375 | D        | Killed a vampire knight
  3387 | D        | Killed a vampire mage
  3388 | D        | Reached XP level 13. HP: 82/133 MP: 29/31
  3622 | D        | Noticed Kirke
  3624 | D        | Reached skill level 15 in Spellcasting
  3630 | D        | Killed Kirke
  3631 | D        | Reached skill level 10 in Fighting
  3631 | D        | Reached skill level 22 in Unarmed Combat
  3638 | D        | Noticed Urug
  3644 | D        | Killed Urug
  4028 | D        | Noticed a ghost moth
  4031 | D        | Noticed a ghost moth
  4041 | D        | Killed a ghost moth
  4046 | D        | Killed a ghost moth
  4064 | D        | Noticed a bunyip
  4064 | D        | Noticed a thorn hunter
  4068 | D        | Killed a bunyip
  4069 | D        | Reached skill level 23 in Unarmed Combat
  4080 | D        | Mangled by a thorn hunter

Illustrated notes

Levels and vault maps discovered:
D:        linesprint [early_d, line_temple, items_1, d_10, items_2, lair_1,
          lair_end, items_3, orc_1, orc_end, items_4, d_15, swamp_1, shoals_1,
          snake_1, spider_1, d_20, vaults_1, items_5, swamp_end, shoals_end,
          snake_end, spider_end, vaults_end, d_27, items_6, zot_1, zot_end,
          crypt_end, forest_end, elf_end, slime_end, tomb_end, abyss_end,
          pan_hell_end]

Skill      XL: |  1  2  3  4  5  6  7  8  9 10 11 12 13 |
---------------+----------------------------------------+-----
Unarmed Combat | 3 4 5 7 8 10 11 12 14 16 18 21 23 | 23.1
Dodging        | 2 3 4 5 6 7 8 9 10 11 | 11.3
Transmutations | 2 3 4 5 6 8 10 11 12 | 12.4
Spellcasting   | 3 4 5 6 8 10 11 12 13 14 16 | 16.0
Fighting       | 2 3 4 6 8 9 10 | 10.4
Stealth        | 1 2 3 5 |  5.4
Evocations     | 1 2 3 4 |  4.8
Ice Magic      | 1 2 4 5 |  5.8
Earth Magic    | 1 3 |  3.2
Armour         | 1 |  1.3

Action                   |  1- 3 |  4- 6 |  7- 9 | 10-12 | 13-15 || total
-------------------------+-------+-------+-------+-------+-------++-------
Melee: Unarmed           |    26 |    20 |    26 |   223 |    33 ||   328
       Headbutt          |     5 |     2 |       |       |       ||     7
       Kick              |     4 |       |       |       |       ||     4
       Punch             |     1 |     1 |       |     8 |     5 ||    15
 Cast: Beastly Appendage |     2 |       |       |       |       ||     2
       Wereblood         |     1 |     1 |     2 |    11 |     3 ||    18
       Ice Form          |       |     1 |     2 |    12 |     1 ||    16
       Statue Form       |       |       |       |     1 |     2 ||     3
Invok: Call Merchant     |       |       |       |     4 |       ||     4
       Potion Petition   |       |       |       |     1 |       ||     1
Evoke: Wand              |       |       |     6 |     3 |       ||     9
       Lightning rod     |       |       |       |     5 |     2 ||     7
       Tin of tremorston |       |       |       |       |     2 ||     2
  Use: Potion            |     2 |       |       |     3 |       ||     5
       Scroll            |       |       |       |     1 |       ||     1
 Stab: Distracted        |       |       |     1 |     2 |       ||     3
       Sleeping          |       |       |       |     1 |       ||     1
Armor: Robe              |     3 |     1 |       |     4 |       ||     8
       Skin              |       |     9 |    14 |    37 |    19 ||    79
Dodge: Dodged            |    11 |     7 |    11 |    74 |    25 ||   128

Table legend: (Time is in decaauts)
 A = Elapsed time spent in this place.
 B = Non-inter-level travel time spent in this place.
 C = Inter-level travel time spent in this place.
 D = Time resting spent in this place.
 E = Time spent auto-exploring this place.
 F = Levels seen in this place.
 G = Mean time per level.
                   A        B        C        D        E       F      G
               +--------+--------+--------+--------+--------+-----+--------+
         Total |   4071 |   4071 |      0 |   2071 |    554 |   1 | 4071.0 |
       Dungeon |   4071 |   4071 |      0 |   2071 |    554 |   1 | 4071.0 |
               +--------+--------+--------+--------+--------+-----+--------+

Top non-repeatable levels by time:
       D: 4071 daAuts
